 Dungeon Crawl Stone Soup version 0.23.1 (webtiles) character file.

Game seed: 11793573517741749678

79 Borgoz the Sneak (level 4, -1/35 HPs)
             Began as a Ghoul Enchanter on Mar 3, 2019.
             Slain by a jackal (3 damage)
             ... on level 3 of the Dungeon.
             The game lasted 00:03:14 (2422 turns).

Borgoz the Sneak (Ghoul Enchanter)                  Turns: 2422, Time: 00:03:15

Health: -1/35      AC:  2    Str: 11    XL:     4   Next: 37%
Magic:  6/6        EV: 12    Int: 10    God:
Gold:   141        SH:  0    Dex: 10    Spells: 4/7 levels left

rFire    . . .     SeeInvis .   a - +1 dagger
rCold    + . .     Gourm    .   (no shield)
rNeg     + + +     Faith    .   b - +0 robe
rPois    ∞         Spirit   .   (no helmet)
rElec    .         Reflect  .   (no cloak)
rCorr    .         Harm     .   (no gloves)
MR       .....                  (no boots)
Stlth    ++........             (no amulet)
HPRegen  0.00/turn              (no ring)
MPRegen  0.10/turn              (no ring)

@: very slightly contaminated, rotting, hasted, invisible, very quick
A: rotting body, claws 1, carnivore, cold resistance 1, negative energy
resistance 3, inhibited regeneration, torment resistance, unbreathing
a: no special abilities


You were on level 3 of the Dungeon.
You were not hungry.

You visited 1 branch of the dungeon, and saw 3 of its levels.

You collected 141 gold pieces.

Inventory:

Hand Weapons
 a - a +1 dagger (weapon)
Missiles
 m - 4 javelins (quivered)
Armour
 b - a +0 robe (worn)
Wands
 j - a wand of random effects (17)
Scrolls
 e - 3 scrolls of teleportation {unknown}
 g - 2 scrolls of identify {unknown}
 h - a scroll of amnesia {unknown}
 n - a scroll of magic mapping {unknown}
Potions
 i - a potion of brilliance {unknown}
 k - a potion of curing {unknown}
 l - a potion of agility {unknown}
Comestibles
 d - 3 rations


   Skills:
 + Level 1.0 Fighting
 * Level 1.8 Short Blades
 + Level 0.7 Armour
 * Level 2.4 Dodging
 + Level 3.7 Stealth
 + Level 2.0 Spellcasting
 + Level 2.7 Hexes


You had 4 spell levels left.
You knew the following spells:

 Your Spells              Type           Power        Failure   Level  Hunger
a - Corona                Hex            #......      10%         1    ##.....
b - Ensorcelled Hibernat  Hex/Ice        #.....       26%         2    ###....

Your spell library contained the following spells:

 Spells                   Type           Power        Failure   Level  Hunger
 Confuse                  Hex            #.......     30%         3    ####...
 Tukima's Dance           Hex            #.......     30%         3    ####...
 Dazzling Spray           Conj/Hex       #.....       47%         3    ####...


Dungeon Overview and Level Annotations

Branches:
Dungeon (3/15)

Altars:


Innate Abilities, Weirdness & Mutations

Your body is rotting away.
You thrive on raw meat.
You are immune to poison.
You have sharp fingernails.
You are carnivorous and can eat meat at any time.
Your flesh is cold resistant. (rC+)
You are immune to negative energy. (rN+++)
You do not regenerate when monsters are visible.
You are immune to unholy pain and torment.
You can survive without breathing.


Message History

You barely miss the jackal. The jackal bites you.
* * * LOW HITPOINT WARNING * * *
You hit the jackal.
The jackal is moderately wounded.
The jackal bites you but does no damage.
You barely miss the jackal.
The jackal is moderately wounded.
The jackal bites you.
* * * LOW HITPOINT WARNING * * *
Okay, then.
It was a potion of haste.
You feel yourself speed up. The jackal barely misses you. x2
It was a potion of invisibility.
You fade into invisibility!
The jackal closely misses you.
You are very lightly contaminated with residual magic.
You barely miss the jackal.
The jackal is moderately wounded.
The jackal bites you.
You die...

#.##......<.......
#....h.#.#..######
#.##..............
#...........######
#.##..........#
#.###..#....#.#
#hb.........#.#
#h###.#....##.#
#@# #.#....##.#
### #....#.##.#
#......##.#
#......##.#
######....# ######


You could see 2 jackals and a bat.

Vanquished Creatures
  3 adders (D:2)
  A worm (D:3)
  2 dart slugs (D:1)
  3 leopard geckos
  A ball python (D:1)
  3 giant cockroaches
  3 goblins
  4 hobgoblins
  6 jackals
  6 kobolds
  2 bats (D:2)
  3 frilled lizards
  2 rats
39 creatures vanquished.

Notes
Turn   | Place    | Note
-------+----------+-------------------------------------------
     0 | D:1      | Borgoz the Ghoul Enchanter began the quest for the Orb.
     0 | D:1      | Reached XP level 1. HP: 14/14 MP: 2/2
   161 | D:1      | Reached skill level 1 in Short Blades
   545 | D:1      | Reached XP level 2. HP: 21/21 MP: 3/3
  1622 | D:2      | Reached XP level 3. HP: 27/27 MP: 4/4
  1866 | D:2      | Reached skill level 1 in Fighting
  1866 | D:2      | Reached XP level 4. HP: 32/35 MP: 6/6
  2133 | D:3      | Learned a level 2 spell: Ensorcelled Hibernation
  2422 | D:3      | Slain by a jackal

Skill      XL: |  1  2  3 |
---------------+----------+-----
Short Blades   | 1 |  1.8
Dodging        | 2 |  2.4
Spellcasting   | 2 |  2.0
Fighting       | 1 |  1.0
Armour         | |  0.7
Stealth        | |  3.7
Hexes          | |  2.7

Action                   |  1- 3 |  4- 6 || total
-------------------------+-------+-------++-------
Melee: Dagger            |   157 |   109 ||   266
 Cast: Ensorcelled Hiber |       |     3 ||     3
  Use: Potion            |       |     2 ||     2
 Stab: Sleeping          |     5 |       ||     5
  Eat: Chunk             |    16 |     9 ||    25
Armor: Robe              |    25 |    19 ||    44
Dodge: Dodged            |    79 |    80 ||   159
